 Dungeon Crawl Stone Soup version 0.18-a0-119-g02a7081 (webtiles) character file.

354 Proton the Skirmisher (level 6, -6/57 HPs)
             Began as a Naga Fighter on Nov 19, 2015.
             Was a Follower of Cheibriados.
             Shot with a poisoned arrow by a centaur (7 damage)
             ... on level 4 of the Dungeon.
             The game lasted 00:07:41 (2838 turns).

Proton the Skirmisher (Naga Fighter)                Turns: 2838, Time: 00:07:41

Health: -6/57      AC:  9    Str: 22    XL:     6   Next: 62%
Magic:  6/6        EV:  3    Int:  8    God:    Cheibriados [*.....]
Gold:   265        SH:  9    Dex: 13    Spells: 0 memorised, 5 levels left

rFire  . . .     SeeInvis +     a - +0 long sword
rCold  . . .     Clarity  .     i - +0 plate armour
rNeg   . . .     SustAt   .     c - +0 shield
rPois  +         Gourm    .     (no helmet)
rElec  .         Spirit   .     u - +0 cloak
rCorr  .         Warding  .     (no gloves)
rMut   .         Stasis   .     (no barding)
MR     .....                    (no amulet)
Stlth  ..........               k - ring of flight
                                j - -2 ring of intelligence (curse)

@: lethally poisoned (-6 -> -9), short of breath, very slow, not resistant to
hostile enchantments, extremely unstealthy
A: see invisible, deformed body, poison resistance, slowness 2, slow metabolism
1, spit poison 2, AC +2
a: Spit Poison, Bend Time, Renounce Religion, Evoke Flight


You were on level 4 of the Dungeon.
You worshipped Cheibriados.
Cheibriados was aware of your devotion.
You were near starving.

You visited 2 branches of the dungeon, and saw 5 of its levels.

You collected 265 gold pieces.

Inventory:

Hand Weapons
 a - a +0 long sword (weapon)
Armour
 c - a +0 shield (worn)
 i - a +0 plate armour (worn)
 u - a +0 cloak (worn)
Jewellery
 j - a cursed -2 ring of intelligence (left hand)
 k - a ring of flight (right hand)
 D - an uncursed amulet of resist mutation {unknown}
Wands
 y - a wand of confusion (20)
Scrolls
 h - a scroll of remove curse {unknown}
 l - 3 scrolls of recharging {unknown}
 m - 6 scrolls of identify {unknown}
 n - 2 scrolls of magic mapping {unknown}
 o - a scroll of immolation {unknown}
 r - 3 scrolls of random uselessness {unknown}
 t - 3 scrolls of teleportation {unknown}
 x - 2 scrolls of blinking {unknown}
 z - a scroll of fog {unknown}
 A - a scroll of noise {unknown}
Potions
 b - a potion of lignification {unknown}
 d - 2 potions of might
 f - 7 potions of curing {unknown}
 g - a potion of mutation {unknown}
 p - a potion of flight {unknown}
 q - 3 potions of brilliance {unknown}
 s - 2 potions of poison {unknown}
 w - a potion of degeneration {unknown}
Books
 v - a book of Hinderance

   Spells                             Type                      Level
   a - Confusing Touch                Hexes                        2
   b - Confuse                        Hexes                        3
   c - Gell's Gravitas                Hexes/Translocation          3
   d - Petrify                        Transmutation/Earth          4
   e - Metabolic Englaciation         Hexes/Ice                    5
Comestibles
 e - 3 bread rations
 B - 4 fruits


   Skills:
 + Level 4.0 Fighting
 + Level 3.4 Long Blades
 + Level 3.4 Armour
 + Level 2.2 Dodging
 + Level 3.4 Shields


You had 5 spell levels left.
You didn't know any spells.

Dungeon Overview and Level Annotations

Branches:
Dungeon (4/15)             Temple (1/1) D:4

Altars:
Ashenzari
Cheibriados
Fedhas
Makhleb
Nemelex Xobeh
Qazlal
Trog
Vehumet


Innate Abilities, Weirdness & Mutations

You cannot wear boots.
Your serpentine skin is tough (AC +2).
You have supernaturally acute eyesight.
Armour fits poorly on your strangely shaped body.
Your system is resistant to poisons.
You cover ground very slowly.
You have a slow metabolism.
You can spit poison.


Message History

Unknown command.
You have got your breath back.
The centaur wields an uncursed shortbow.
The centaur shoots a poisoned arrow.
The poisoned arrow hits you.
* * * LOW HITPOINT WARNING * * *
You are poisoned.
You see here a poisoned arrow.
Press: ? - help, Shift-Dir - straight line, f/p - centaur
Aim: a centaur, wielding a shortbow and wearing a gilded ring (lightly wounded)
The splash of poison hits the centaur.
The centaur is heavily wounded.
You feel slightly more hungry.
You feel sick.
The centaur unwields an uncursed shortbow.
The centaur barely misses you. You block the gnoll's attack.
You feel sick.
The centaur wields an uncursed shortbow.
The centaur shoots a poisoned arrow.
The poisoned arrow hits you.
* * * LOW HITPOINT WARNING * * *
The centaur shoots a poisoned arrow.
The poisoned arrow hits you!
You die...

##.### #.###### ##......#. #.#
#.##...# #........ ###'##
#.##...# #...8.8.8
.....#########.##...#####....⌠.⌠.
.........................#..8.>.8
.....#########.#.........#...⌠.⌠.
.....# #.#.........#..8.8.8
.....# #.#.................
###### #.#@#############.##
##.(......... ..# #.c..########
##### #g#### ..... #)# #####
#.)....# #......# #......# ######
#.##..... ......


You could see a centaur and a gnoll.

Vanquished Creatures
  An ogre (D:4)
  A hound (D:4)
  2 worker ants
  An orc wizard (D:4)
  4 gnolls
  2 adders
  An ooze (D:4)
  3 worms
  4 giant geckos
  8 orcs
  7 goblins
  8 hobgoblins
  10 kobolds
  2 quokkas
  4 bats
  7 giant cockroaches
  7 giant newts
  9 rats
81 creatures vanquished.

Notes
Turn   | Place    | Note
--------------------------------------------------------------
     0 | D:1      | Proton the Naga Fighter began the quest for the Orb.
     0 | D:1      | Reached XP level 1. HP: 21/21 MP: 1/1
   213 | D:1      | Reached XP level 2. HP: 25/28 MP: 2/2
   408 | D:1      | Reached XP level 3. HP: 24/34 MP: 3/3
   495 | D:1      | Reached skill level 1 in Dodging
   970 | D:2      | Found a blossoming altar of Fedhas.
  1044 | D:2      | Found a radiant altar of Vehumet.
  1170 | D:3      | Reached XP level 4. HP: 39/42 MP: 4/4
  1281 | D:3      | Found a burning altar of Makhleb.
  1737 | D:3      | Reached XP level 5. HP: 26/49 MP: 5/5
  2168 | D:4      | Found a staircase to the Ecumenical Temple.
  2192 | Temple   | Entered the Ecumenical Temple
  2202 | Temple   | Became a worshipper of Cheibriados the Contemplative
  2278 | D:4      | Noticed an ogre
  2284 | D:4      | Killed an ogre
  2284 | D:4      | Reached XP level 6. HP: 37/57 MP: 6/6
  2814 | D:4      | Reached skill level 4 in Fighting
  2824 | D:4      | Reached * piety under Cheibriados
  2838 | D:4      | HP: 1/57 [centaur/poisoned arrow (4)]
  2838 | D:4      | Shot with a poisoned arrow by a centaur

Vault maps used:
D:1:      dpeg_arrival_central
D:2:      vehumet_crystals, lemuel_round_altar
D:3:      lemuel_round_altar, serial_forest, infiniplex_forest_clump_long,
          infiniplex_forest_clump_double, infiniplex_forest_straight_2,
          infiniplex_forest_lined_2, infiniplex_forest_end_double,
          grunt_ministairs_3
D:4:      okawaru_altar_gauntlet_db, minmay_temple_entry_statues_fountains,
          first_bread
Temple:   water_room_temple_b_12

Action                   |  1- 3 |  4- 6 || total
-------------------------+-------+-------++-------
Melee: Long sword        |   173 |   258 ||   431
 Abil: Spit Poison       |     1 |    10 ||    11
  Use: Scroll            |       |     1 ||     1
  Eat: Royal jelly       |     1 |       ||     1
       Beef jerky        |       |     2 ||     2
